 Dungeon Crawl Stone Soup version 0.31.0-11-ge490571c62 (webtiles) character file.

Game seed: 15983369216854848374

114 hawla the Conjurer (level 4, -2/26 HPs)
             Began as a Deep Elf Conjurer on Feb 6, 2024.
             Slain by a goblin
             ... wielding a +0 club
             ... led by Robin
              (3 damage)
             ... on level 3 of the Dungeon on Feb 7, 2024.
             The game lasted 00:08:06 (2694 turns).

hawla the Conjurer (Deep Elf Conjurer)              Turns: 2694, Time: 00:08:07

Health: -2/26      AC:  4    Str:  4    XL:     4   Next: 67%
Magic:  10/10      EV: 12    Int: 25    God:
Gold:   139        SH:  5    Dex: 13    Spells: 6/9 levels left

rFire   . . .        m - +3 dagger (venom)
rCold   . . .        (no shield)
rNeg    . . .        a - +1 robe
rPois   .            (no helmet)
rElec   .            (no cloak)
rCorr   .            (no gloves)
SInv    .            p - +0 pair of boots
Will    .....        r - amulet of reflection
Stlth   ++           n - +4 ring of slaying
HPRegen 0.24/turn    (no ring)
MPRegen 0.12/turn

%: reflection
@: weak-willed, enlightened, flying
A: no striking features
a: no special abilities


You were on level 3 of the Dungeon.
You visited 1 branch of the dungeon, and saw 3 of its levels.

You collected 139 gold pieces.

Inventory:

Hand Weapons
 m - a +3 dagger of venom (weapon)
Armour
 a - a +1 robe (worn)
 p - a +0 pair of boots (worn)
Magical Staves
 o - a staff of earth
Jewellery
 n - a +4 ring of slaying (left hand)
 r - an amulet of reflection (around neck)
Wands
 q - a wand of charming (7)
Scrolls
 h - 2 scrolls of immolation
Potions
 b - a potion of magic
 d - a potion of might
 f - a potion of enlightenment
 g - 2 potions of attraction {unknown}
 j - 2 potions of lignification {unknown}
 l - 3 potions of curing {unknown}
 s - a potion of resistance {unknown}


   Skills:
 - Level 2.0 Fighting
 - Level 2.4 Dodging
 - Level 4.0 Stealth
 - Level 1.0 Unarmed Combat
 - Level 3.0 Spellcasting
 - Level 4.3 Conjurations
 + Level 2.2 Earth Magic


You had 6 spell levels left.
You knew the following spells:

 Your Spells              Type           Power      Damage    Failure   Level
a - Magic Dart            Conj           100%       1d8       1%          1
b - Searing Ray           Conj           50%        2d6       2%          2

Your spell library contained the following spells:

 Spells                   Type           Power      Damage    Failure   Level
 Ensorcelled Hibernation  Hex/Ice        6%         N/A       16%         2
 Scorch                   Fire           6%         2d5       16%         2
 Fugue of the Fallen      Necr           3%         N/A       30%         3
 Flame Wave               Conj/Fire      14%        2d6       38%         4
 Fulminant Prism          Conj/Alch      7%         3d7       38%         4
 Iskenderun's Mystic Bla  Conj/Tloc      14%        2d5       38%         4
 Anguish                  Hex/Necr       1%         N/A       69%         4
 Summon Cactus Giant      Summ           1%         N/A       100%        6


Dungeon Overview and Level Annotations

Branches:
Dungeon (3/15)

Altars:
Gozag
Qazlal

Annotations:
D:3 Robin


Message History

As you read the scroll labelled LAB DA TER, it crumbles to dust.
The creatures around you are filled with an inner flame!
It was a scroll of immolation.
Robin says, "A pitiful Elf like you will never find the ORB!"
The goblin closely misses you. The hobgoblin hits you.
The goblin hits you with a +0 dagger. The goblin hits you but does no damage.
As you read the scroll labelled QINUICVIPNI, it crumbles to dust.
It is a scroll of identify.
d - a potion of might Robin throws the goblin at you!
The goblin hits you with a +0 club.
* * * LOW HITPOINT WARNING * * *
You block the hobgoblin's attack. The goblin closely misses you.
The goblin barely misses you. The goblin misses you.
As you read the scroll labelled BIDWOB KODERU, it crumbles to dust.
It is a scroll of enchant armour.
Your +0 robe glows green for a moment.
Robin throws the goblin at you!
* * * LOW HITPOINT WARNING * * *
The goblin barely misses you. The hobgoblin closely misses you.
The goblin completely misses you. The goblin barely misses you.
The goblin closely misses you. You block the goblin's attack.
Unknown command.
As you read the scroll labelled RACEFUFAEL, it crumbles to dust.
It is a scroll of enchant weapon.
Your +2 dagger of venom glows red for a moment.
Robin says, "My goblins will feast on your bones."
The goblin barely misses you. The hobgoblin misses you.
You block the goblin's attack. The goblin hits you with a +0 dagger.
* * * LOW HITPOINT WARNING * * *
The goblin hits you but does no damage. The goblin hits you with a +0 dagger.
* * * LOW HITPOINT WARNING * * *
It was a potion of enlightenment.
You feel very buoyant.
You fly up into the air.
Robin roars a battlecry!
The goblins go into a battle-frenzy!
The goblin closely misses you.
The hobgoblin hits you but does no damage.
The goblin completely misses you. The goblin barely misses you.
The goblin hits you with a +0 club.
You die...

#..........#
#..........#
#..........# #
######.##.## #
#....# # ####
#....# ## .....
###....# #.
......##g....##
##
....ggg@g..†##
##.
....Jgggg##.#
#.#
.....gg###..#
#(. .....og
##.############
......#
#.#...........
......
#.#.#.....##.(
......
#.........###.
##.#.#
#.#...........
#.####....###.


You could see Robin (inner flame, weak-willed), an orc (inner flame,
weak-willed), an endoplasm (inner flame, weak-willed), 3 hobgoblins and 8
goblins.

Vanquished Creatures
  A bombardier beetle (D:3)
  2 adders
  A dart slug (D:3)
  An orc (D:3)
  2 bats (D:3)
  8 endoplasms
  6 giant cockroaches
  8 goblins
  4 hobgoblins
  6 jackals
  3 kobolds
  3 quokkas
  3 ball pythons
  2 frilled lizards
  3 rats
53 creatures vanquished.

Notes
Turn   | Place    | Note
-------+----------+-------------------------------------------
     0 | D:1      | hawla the Deep Elf Conjurer began the quest for the Orb.
     0 | D:1      | Reached XP level 1. HP: 10/10 MP: 6/6
   136 | D:1      | Reached skill level 1 in Unarmed Combat
   279 | D:1      | Reached XP level 2. HP: 15/16 MP: 2/8
   282 | D:1      | Learned a level 2 spell: Searing Ray
   408 | D:1      | Reached skill level 1 in Fighting
  1447 | D:2      | Reached XP level 3. HP: 21/21 MP: 1/9
  1745 | D:2      | Found a faded altar of an unknown god.
  1782 | D:2      | Found a stormy altar of Qazlal.
  2226 | D:3      | Found an opulent altar of Gozag.
  2315 | D:3      | Reached skill level 1 in Earth Magic
  2315 | D:3      | Reached XP level 4. HP: 9/26 MP: 10/10
  2685 | D:3      | Noticed Robin
  2693 | D:3      | HP: 1/26 [goblin/+0 dagger[Robin] (1)]
  2694 | D:3      | Slain by a goblin

Illustrated notes

Levels and vault maps discovered:
D:1:      shiori_arrival_maze, layout_basic
D:2:      layout_loops_cross, chequers_ecumenical_altar_simple_redux,
          basic_altar
D:3:      minmay_spotlight, layout_rooms,
          nicolae_gozag_cash_rules_everything_around_me, uniq_robin

Skill      XL: |  1  2  3  4 |
---------------+-------------+-----
Unarmed Combat | 1 |  1.0
Fighting       | 2 |  2.0
Stealth        | 4 |  4.0
Earth Magic    | 1 2 |  2.2
Dodging        | |  2.4
Spellcasting   | |  3.0
Conjurations   | |  4.3

Action                     |  1- 3 |  4- 6 || total
---------------------------+-------+-------++-------
  Melee: Unarmed           |     4 |       ||     4
         Dagger            |    34 |    20 ||    54
         Punch             |     1 |       ||     1
   Cast: Magic Dart        |    46 |       ||    46
         Searing Ray       |     3 |       ||     3
    Use: Scroll            |     3 |     6 ||     9
         Potion            |       |     2 ||     2
   Stab: Sleeping          |     1 |     2 ||     3
 Armour: Robe              |    23 |    28 ||    51
  Dodge: Dodged            |    30 |    21 ||    51
  Block: Other             |     1 |     9 ||    10
         Reflection        |       |     2 ||     2
